 Dungeon Crawl Stone Soup version 0.28-a0-834-g1a73be5ee4 (webtiles) character file.

Game seed: 267805106172480163

37 cheechan the Shooter (level 3, -4/24 HPs)
             Began as an Octopode Hunter on Nov 11, 2021.
             Slain by a kobold (5 damage)
             ... on level 2 of the Dungeon.
             The game lasted 00:09:14 (1462 turns).

cheechan the Shooter (Octopode Hunter)              Turns: 1462, Time: 00:09:16

Health: -4/24      AC:  1    Str: 11    XL:     3   Next: 41%
Magic:  3/3        EV: 13    Int: 13    God:
Gold:   90         SH:  0    Dex: 13    Spells: 2/2 levels left

rFire   . . .      SeeInvis .   a - +1 shortbow
rCold   . . .      Faith    .   (shield currently unavailable)
rNeg    . . .      Spirit   .   (helmet restricted)
rPois   .          Reflect  .   (no amulet)
rElec   .          Harm     .   (no ring)
rCorr   .          Rampage  .   (no ring)
Will    .....                   (no ring)
Stlth   +++.......              (no ring)
HPRegen 0.08/turn               (no ring)
MPRegen 0.08/turn               (no ring)
                                (no ring)
                                (no ring)

@: no status effects
A: almost no armour, amphibious, 8 rings, camouflage 1, gelatinous body 1,
(nimble swimmer 1), tentacles
a: no special abilities


You were on level 2 of the Dungeon.
You visited 1 branch of the dungeon, and saw 2 of its levels.

You collected 90 gold pieces.

Inventory:

Hand Weapons
 a - a +1 shortbow (weapon)
 b - a +0 short sword
 e - a +0 hunting sling
Missiles
 c - 3 arrows (quivered ammo)
 l - 14 poisoned darts
Scrolls
 f - 2 scrolls of teleportation
 h - a scroll of fear
Potions
 d - a potion of lignification {unknown}
 g - a potion of flight {unknown}
 i - 2 potions of curing
 j - a potion of ambrosia {unknown}


   Skills:
 + Level 2.2 Fighting
 + Level 4.8 Bows
 + Level 2.3 Dodging
 + Level 1.3 Stealth


You had 2 spell levels left.
You didn't know any spells.
Your spell library contained the following spells:

 Spells                   Type           Power      Damage    Failure   Level
 Chain Lightning          Conj/Air       0%         N/A       100%        9
 Fire Storm               Conj/Fire      0%         5d1       100%        9
 Shatter                  Erth           0%         3d5*      100%        9


Dungeon Overview and Level Annotations

Branches:
Dungeon (2/15)

Altars:

Shops:
D:1 [?:[:


Innate Abilities, Weirdness & Mutations

You cannot wear most types of armour.
You are amphibious.
You can wear up to eight rings at the same time.
Your skin changes colour to match your surroundings (Stealth+).
Your rubbery body absorbs attacks. (AC +1, EV +1)
((You are camouflaged near water. (Stealth+)))
You have tentacles for arms and can constrict up to eight enemies at once.


Message History

You constrict the ball python.
You kill the ball python!
Fire: 9 arrows
Press: ? - help, Shift-Dir - straight line, f - quokka
Aim: a quokka (asleep, 98% to hit)
You shoot an arrow. The arrow hits the quokka!
You kill the quokka!
A kobold comes into view. It is wielding a +0 falchion.
The kobold shouts!
Fire: 8 arrows
Press: ? - help, Shift-Dir - straight line, f - kobold
Aim: a kobold, wielding a +0 falchion, wearing a +0 leather armour and quivering stones (55% to hit)
You shoot an arrow.
The arrow hits the kobold but does no damage.
The kobold drinks a potion.
The kobold flickers and vanishes!
Deactivating autopickup; reactivate with Ctrl-A.
Fire: 7 arrows
Press: ? - help, Shift-Dir - straight line You shoot an arrow.
A stone appears from out of thin air!
The stone hits you.
Fire: 6 arrows
Press: ? - help, Shift-Dir - straight line You shoot an arrow.
A stone appears from out of thin air!
The stone hits you.
Fire: 5 arrows
Press: ? - help, Shift-Dir - straight line You shoot an arrow.
A stone appears from out of thin air!
The stone hits you.
Unknown command.
Fire: 4 arrows
Press: ? - help, Shift-Dir - straight line You shoot an arrow.
A stone appears from out of thin air!
The stone hits you.
Things that are here:
an arrow; a quokka corpse You barely miss something.
Something hits you. x2
* * * LOW HITPOINT WARNING * * *
You clumsily bash something but do no damage.
Something barely misses you.
You closely miss something. Something hits you.
* * * LOW HITPOINT WARNING * * *
Something hits you.
You die...

#......## ##.....######
........####............
....†.........$........
...........#..........
...........##.....#.#
..................#.##..
.......................#
........#.##....(..##.##
........#.##....@.....#
..........##....{.......
.............#.<......##
...........####(.####.#
...........# #.## .#
............ .. .
........#.. #. #.......#
#. .........


There were no monsters in sight!

Vanquished Creatures
  A dart slug (D:1)
  3 endoplasms (D:2)
  3 giant cockroaches
  5 goblins
  7 hobgoblins
  2 quokkas
  2 ball pythons (D:2)
  5 kobolds
  A rat (D:2)
29 creatures vanquished.

Vanquished Creatures (collateral kills)
  A goblin (D:2)
1 creature vanquished.

Grand Total: 30 creatures vanquished

Notes
Turn   | Place    | Note
-------+----------+-------------------------------------------
     0 | D:1      | cheechan the Octopode Hunter began the quest for the Orb.
     0 | D:1      | Reached XP level 1. HP: 14/14 MP: 1/1
    55 | D:1      | Found Zamudet's Book Boutique.
   424 | D:1      | Found Yduhokli's Antique Armour Emporium.
   450 | D:1      | Found Zilipn's Book Shoppe.
   561 | D:1      | Found a faded altar of an unknown god.
   608 | D:1      | Reached XP level 2. HP: 19/19 MP: 2/2
   876 | D:1      | Found Siur's Antique Armour Boutique.
   896 | D:1      | Found Esolabb's Magic Scroll Emporium.
  1056 | D:2      | Reached XP level 3. HP: 24/24 MP: 3/3
  1462 | D:2      | HP: 1/24 [something (6)]
  1462 | D:2      | Slain by a kobold

Illustrated notes

Levels and vault maps discovered:
D:1:      denvon_arrival_planthouse, layout_basic,
          ebering_ecumenical_altar_mist, serial_shops, shop, shop,
          nicolae_shop_window_shopping, shop, nicolae_shop_overgrown_old_shop
D:2:      layout_rooms, minmay_octomino_j4

Action                   || total
-------------------------++-------
Melee: Shortbow          ||    10
       Constrict         ||     4
       Tentacles         ||     2
 Fire: Shortbow          ||    62
  Use: Scroll            ||     6
Armor: Skin              ||     5
Dodge: Dodged            ||    17

Table legend: (Time is in decaauts)
 A = Elapsed time spent in this place.
 B = Non-inter-level travel time spent in this place.
 C = Inter-level travel time spent in this place.
 D = Time resting spent in this place.
 E = Time spent auto-exploring this place.
 F = Levels seen in this place.
 G = Mean time per level.
                   A        B        C        D        E       F      G
               +--------+--------+--------+--------+--------+-----+--------+
         Total |   1471 |   1471 |      0 |      0 |      0 |   2 |  735.5 |
       Dungeon |   1471 |   1471 |      0 |      0 |      0 |   2 |  735.5 |
               +--------+--------+--------+--------+--------+-----+--------+

Top non-repeatable levels by time:
     D:1: 983 daAuts
     D:2: 488 daAuts
